 Dungeon Crawl Stone Soup version 0.29-a0-925-g0a7a3d12f8 (webtiles) character file.

Game seed: 12118741440636603552

644543 Mesmaeker13 the Planerender (level 27, -7/148 HPs)
             Began as a Tengu Summoner on July 26, 2022.
             Was the Champion of Cheibriados.
             Killed from afar by an orb of fire (31 damage)
             ... with a fireball
             ... on level 5 of the Realm of Zot on July 28, 2022.
             The game lasted 06:16:49 (86119 turns).

Mesmaeker13 the Planerender (Tengu Summoner)       Turns: 86119, Time: 06:16:50

Health: -7/148     AC: 36    Str: 27 (29) XL:     27
Magic:  1/68       EV: 24    Int: 32 (34) God:    Cheibriados [******]
Gold:   5926       SH: 13    Dex: 40      Spells: 9/62 levels left

rFire   + + .      SeeInvis +   R - +8 autumn katana {vorpal, manifold assault}
rCold   + + .      Faith    .   J - +2 buckler {rF+}
rNeg    + + .      Spirit   .   W - +10 pearl dragon scales
rPois   +          Reflect  .   j - +3 crown of Dyrovepreva {rElec Int+2 SInv}
rElec   +          Harm     .   t - +4 dragonskin cloak
rCorr   .          Rampage  .   P - +2 pair of gloves of the Iron Devil {rF+ rC+}
Will    +++..                   (boots unavailable)
Stlth   ++++++....              I - amulet "Losaskarr" {Acrobat rN+ Will+ MP+9}
HPRegen 0.34/turn               N - ring of Itanergh {Drain rPois rC+ MP+9 Str+4}
MPRegen 0.41/turn               Y - ring "Loqussyu" {MP+9 Dex+5 Slay+3}

@: calling dragons, flying quickly and evasively, studying 4 skills, very slow
A: beak, talons 3, nimble flight, horns 1, deterioration 2, dopey 2, frail 2,
low MP 1, poison resistance, weak 1, no potion heal 1
}: 4/15 runes: barnacled, slimy, silver, gossamer
a: Renounce Religion, Bend Time, Temporal Distortion, Slouch, Step From Time


You were on level 5 of the Realm of Zot.
You worshipped Cheibriados.
Cheibriados was exalted by your worship.
You visited 12 branches of the dungeon, and saw 56 of its levels.
You also visited: Sewer, Bailey and Desolation.

You collected 10845 gold pieces.
You spent 4919 gold pieces at shops.

Inventory:

Hand Weapons
 R - the +8 autumn katana (weapon) {vorpal, manifold assault}
   (You took it off a deep elf pyromancer on level 10 of the Dungeon)

   It sometimes launches melee attacks against multiple visible enemies.
Missiles
 s - 3 throwing nets (quivered)
Armour
 j - the +3 crown of Dyrovepreva (worn) {rElec Int+2 SInv}
   (You found it on level 4 of the Spider Nest)

   Int:       It affects your intelligence (+2).
   rElec:     It insulates you from electricity.
   SInv:      It lets you see invisible.
 m - a +2 cloak of poison resistance
 t - the +4 dragonskin cloak (worn)
   (You took it off Tiamat on level 2 of the Realm of Zot)

   It grants the wearer a chance to resist fire, cold, poison, electricity,
   acid, and negative energy.
 v - a +1 cloak of preservation
 y - a scarf of repulsion
 J - a +2 buckler of fire resistance (worn)
 P - the +2 pair of gloves of the Iron Devil (worn) {rF+ rC+}
   (You found it on level 3 of the Lair of Beasts)

   rF:        It protects you from fire.
   rC:        It protects you from cold.
 Q - a +2 kite shield
 W - +10 pearl dragon scales (worn)
Jewellery
 u - a +6 ring of intelligence
 x - a ring of resist corrosion
 A - the ring "Bihuh" {rC+ rN+ Will+ EV+4 Int-4}
   (You found it on level 5 of the Pits of Slime)

   [ring of evasion]

   EV:        It affects your evasion (+4).
   Int:       It affects your intelligence (-4).
   rC:        It protects you from cold.
   rN:        It protects you from negative energy.
   Will:      It increases your willpower.
 D - an amulet of Law {Reflect rElec rPois SH+5 Stlth+}
   (You found it on level 5 of the Pits of Slime)

   [amulet of reflection]

   It reflects blocked missile attacks.
   rElec:     It insulates you from electricity.
   rPois:     It protects you from poison.
   SH:        It affects your SH (+5).
   Stlth:     It makes you more stealthy.
 I - the amulet "Losaskarr" (around neck) {Acrobat rN+ Will+ MP+9}
   (You acquired it on level 5 of the Dungeon)

   [amulet of the acrobat]

   It increases your evasion while moving and waiting.
   rN:        It protects you from negative energy.
   MP:        It affects your magic capacity (+9).
   Will:      It increases your willpower.
 N - the ring of Itanergh (left hand) {Drain rPois rC+ MP+9 Str+4}
   (You found it on level 3 of the Crypt)

   [ring of magical power]

   Str:       It affects your strength (+4).
   rC:        It protects you from cold.
   rPois:     It protects you from poison.
   MP:        It affects your magic capacity (+9).
   Drain:     It drains your maximum health when unequipped.
 V - the ring "Toejorot" {Fire MP+9}
   (You took it off a deep elf annihilator on level 3 of the Elven Halls)

   [ring of fire]

   It enhances your fire magic.
   rF:        It protects you from fire.
   rC:        It makes you vulnerable to cold.
   MP:        It affects your magic capacity (+9).
 Y - the ring "Loqussyu" (right hand) {MP+9 Dex+5 Slay+3}
   (You took it off a deep elf sorcerer on level 3 of the Elven Halls)

   [ring of magical power]

   Dex:       It affects your dexterity (+5).
   Slay:      It affects your accuracy & damage with ranged weapons and melee
   (+3).
   MP:        It affects your magic capacity (+9).
 Z - the ring of Olak {rElec rN+ Dex+3}
   (You found it on level 3 of the Crypt)

   [ring of positive energy]

   Dex:       It affects your dexterity (+3).
   rElec:     It insulates you from electricity.
   rN:        It protects you from negative energy.
Wands
 f - a wand of quicksilver (5)
 n - a wand of digging (3)
Scrolls
 a - a scroll of enchant weapon
 h - 4 scrolls of immolation
 i - 6 scrolls of fear
 k - 3 scrolls of summoning
 p - a scroll of poison
 q - 4 scrolls of silence
 w - 12 scrolls of teleportation
 F - 2 scrolls of magic mapping
 G - 8 scrolls of vulnerability
 H - 2 scrolls of torment
 L - 4 scrolls of fog
 O - 8 scrolls of noise
 S - 2 scrolls of amnesia
Potions
 b - 5 potions of magic
 c - 9 potions of berserk rage
 d - 11 potions of attraction
 e - 19 potions of lignification
 g - 5 potions of brilliance
 l - 6 potions of might
 o - 4 potions of invisibility
 r - 4 potions of ambrosia
 B - 4 potions of resistance
 E - 19 potions of curing
 K - a potion of mutation
 U - 2 potions of heal wounds
Miscellaneous
 z - a phantom mirror
 X - a box of beasts


   Skills:
 + Level 22.8 Fighting
 - Level 18.1 Long Blades
 - Level 10.3 Armour
 - Level 8.0 Dodging
 - Level 16.0 Stealth
 - Level 15.0 Shields
 + Level 18.2 Spellcasting
 - Level 7.1 Hexes
 O Level 27 Summonings
 - Level 12.0 Translocations
 - Level 9.4 Air Magic
 - Level 13.0 Invocations


You had 9 spell levels left.
You knew the following spells:

 Your Spells              Type           Power      Damage    Failure   Level
a - Summon Forest         Summ/Tloc      50%        N/A       1%          5
b - Summon Horrible Thin  Summ           58%        N/A       1%          8
c - Passage of Golubria   Tloc           82%        N/A       1%          4
d - Dragon's Call         Summ           58%        N/A       5%          9
e - Summon Lightning Spi  Summ/Air       98%        N/A       1%          4
f - Summon Hydra          Summ           58%        N/A       1%          7
g - Animate Armour        Summ/Erth      100%       N/A       1%          4
h - Summon Mana Viper     Hex/Summ       95%        N/A       1%          5
i - Malign Gateway        Summ/Tloc      50%        N/A       1%          7

Your spell library contained the following spells:

 Spells                   Type           Power      Damage    Failure   Level
 Summon Small Mammal      Summ           100%       N/A       0%          1
 Call Imp                 Summ           100%       N/A       0%          2
 Call Canine Familiar     Summ           100%       N/A       0%          3
 Summon Guardian Golem    Hex/Summ       95%        N/A       0%          3
 Summon Cactus Giant      Summ           58%        N/A       0%          6
 Apportation              Tloc           100%       N/A       1%          1
 Shock                    Conj/Air       100%       1d9       1%          1
 Slow                     Hex            100%       N/A       1%          1
 Ensorcelled Hibernation  Hex/Ice        100%       N/A       1%          2
 Poisonous Vapours        Pois/Air       100%       N/A       1%          2
 Static Discharge         Conj/Air       56%        3-10/arc  1%          2
 Gell's Gravitas          Tloc           82%        N/A       1%          3
 Portal Projectile        Hex/Tloc       100%       N/A       1%          3
 Swiftness                Air            74%        N/A       1%          3
 Teleport Other           Tloc           82%        N/A       1%          3
 Tukima's Dance           Hex            66%        N/A       1%          3
 Airstrike                Air            37%        0-12+     1%          4
 Cause Fear               Hex            33%        N/A       1%          4
 Summon Ice Beast         Ice/Summ       86%        N/A       1%          4
 Monstrous Menagerie      Summ           58%        N/A       1%          7
 Dazzling Flash           Conj/Hex       100%       N/A       2%          3
 Inner Flame              Hex/Fire       51%        N/A       2%          3
 Mephitic Cloud           Conj/Pois/Air  49%        N/A       2%          3
 Iskenderun's Mystic Bla  Conj/Tloc      61%        2d13      2%          4
 Beastly Appendage        Tmut           58%        N/A       3%          1
 Foxfire                  Conj/Fire      100%       2x1d9     3%          1
 Magic Dart               Conj           100%       1d8       3%          1
 Necrotise                Necr           100%       1d9       3%          1
 Sting                    Tmut/Pois      100%       1d8       3%          1
 Silence                  Hex/Air        35%        N/A       3%          5
 Dispersal                Tloc           41%        N/A       3%          6
 Passwall                 Tmut/Erth      24%        N/A       4%          2
 Searing Ray              Conj           58%        2d6       4%          2
 Sublimation of Blood     Necr           29%        N/A       4%          2
 Wereblood                Tmut           29%        N/A       4%          2
 Anguish                  Hex/Necr       25%        N/A       8%          4
 Fulminant Prism          Conj/Hex       25%        3d14      8%          4
 Corpse Rot               Necr/Pois/Air  49%        N/A       9%          4
 Conjure Flame            Conj/Fire      29%        6-21      10%         3
 Frozen Ramparts          Ice            58%        1d7       10%         3
 Ignite Poison            Fire/Tmut/Pois 29%        N/A       10%         3
 Ozocubu's Armour         Ice            29%        N/A       10%         3
 Spider Form              Tmut/Pois      29%        N/A       10%         3
 Stone Arrow              Conj/Erth      58%        3d10      10%         3
 Haunt                    Necr/Summ      43%        N/A       11%         7
 Lightning Bolt           Conj/Air       28%        1d44      13%         5
 Metabolic Englaciation   Hex/Ice        25%        N/A       22%         5
 Yara's Violent Unravell  Hex/Tmut       25%        3d11      22%         5
 Freezing Cloud           Conj/Ice/Air   24%        6-21      26%         5
 Animate Dead             Necr           29%        N/A       32%         4
 Dispel Undead            Necr           29%        3d13      32%         4
 Flame Wave               Conj/Fire      29%        2d9       32%         4
 Hailstorm                Conj/Ice       29%        3d8       32%         4
 Ice Form                 Ice/Tmut       29%        N/A       32%         4
 Olgreb's Toxic Radiance  Pois           29%        N/A       32%         4
 Petrify                  Tmut/Erth      29%        N/A       32%         4
 Sticky Flame             Conj/Fire      29%        2d5       32%         4
 Conjure Ball Lightning   Conj/Air       28%        3x3d8     58%         6
 Blade Hands              Tmut           14%        N/A       67%         5
 Fireball                 Conj/Fire      14%        3d8       67%         5
 Lee's Rapid Deconstruct  Erth           14%        3d10*     67%         5
 Enfeeble                 Hex            33%        N/A       83%         7
 Disjunction              Tloc           41%        N/A       83%         8
 Eringya's Noxious Bog    Tmut/Pois      14%        N/A       99%         6
 Iron Shot                Conj/Erth      14%        9d4       99%         6
 Simulacrum               Ice/Necr       14%        N/A       99%         6
 Starburst                Conj/Fire      14%        6d6       99%         6
 Statue Form              Tmut/Erth      19%        N/A       99%         6
 Dragon Form              Tmut           14%        N/A       100%        7
 Ozocubu's Refrigeration  Ice            14%        4d7       100%        7
 Borgnjor's Revivificati  Necr           14%        N/A       100%        8
 Discord                  Hex            33%        N/A       100%        8
 Ignition                 Fire           14%        3d6       100%        8
 Infestation              Necr           14%        N/A       100%        8
 Lehudib's Crystal Spear  Conj/Erth      14%        10d5      100%        8
 Chain Lightning          Conj/Air       28%        3d37      100%        9
 Fire Storm               Conj/Fire      14%        8d4       100%        9
 Polar Vortex             Ice            14%        N/A       100%        9
 Shatter                  Erth           14%        3d14*     100%        9


Dungeon Overview and Level Annotations

Branches:
Dungeon (15/15)            Temple (1/1) D:4            Lair (5/5) D:8
 Shoals (4/4) Lair:3       Spider (4/4) Lair:2        Slime (5/5) Lair:5
    Orc (2/2) D:12            Elf (3/3) Orc:2        Vaults (5/5) D:13
  Crypt (3/3) Vaults:3       Tomb (0/3) Crypt:3      Depths (4/4) D:15
    Zot (5/5) Depths:4      Sewer (visited)          Bailey (visited)
Desolation (visited)

Altars:
Ashenzari
Cheibriados
Dithmenos
Fedhas
Gozag
Hepliaklqana
Kikubaaqudgha
Makhleb
Nemelex Xobeh
Okawaru
Uskayaw
Vehumet
Wu Jian
Xom
Yredelemnul
Zin
Jiyva

Shops:
D:5 *   D:6 [   D:11 *   D:15 [   Orc:2 !=**(*:!   Elf:2 (   Shoals:2 ([*((:
Vaults:1 *   Vaults:4 ((?((   Vaults:5 ?!?!*   Depths:1 =!(!

Portals:
Hell: Depths:1 Depths:2 Depths:3 Depths:4
Abyss: Depths:1 Depths:3
Pandemonium: Orc:2 Depths:1 Depths:2 Depths:4
Ziggurat: Depths:4

Annotations:
D:2 exclusions: white imp and 3 more exclusions, Sigmund
D:4 4 runed translucent doors
D:9 exclusion: orange crystal statue
D:14 1 runed translucent door, Moink's ghost, journeyman DrCj
Lair:3 1 runed translucent door, Zoykot's ghost, journeyman DsGl
Spider:3 2 runed translucent doors, Nacwyfagh's ghost, adept MiFi
Orc:1 2 transporters, Voker57's ghost, journeyman DsGl
Vaults:3 1 runed translucent door, Wixyl's ghost, adept DsEE
Depths:1 1 runed translucent door
Depths:4 5 runed translucent doors, Xockerhu's ghost, adept MiMo
Zot:3 2 transporters, exclusion: orange crystal statue, Iruirgha's ghost, veteran OpFi


Innate Abilities, Weirdness & Mutations

You have a beak for a mouth.
You have claws for feet.
Your magical nature lets you fly swiftly and evasively.
You have a pair of small horns on your head.
Your body often deteriorates upon taking damage.
You are very dopey. (Int -4)
You are very frail. (-20% HP)
Your magical capacity is low. (-10% MP)
Your system is resistant to poisons. (rPois)
You are weak. (Str -2)
Potions are less effective at restoring your health.


Message History

The tentacled monstrosity misses your storm dragon.
The tentacled monstrosity tentacle-slaps your storm dragon but does no damage.
The tentacled monstrosity grabs your storm dragon.
The tentacled monstrosity constricts your storm dragon!
Your system partially rejects the healing.
You feel much better.
You are engulfed in whirling frost.
* * * LOW HITPOINT WARNING * * *
The tentacled monstrosity loses its grip on something.
The orb of fire glows deep purple.
Your ice dragon twists and deforms.
Your ice dragon breathes frost at the orb of fire.
The blast of cold misses the orb of fire.
Blink to where?
Press: ? - help, Dir - move target
As you read the scroll of blinking, it crumbles to dust.
You are engulfed in whirling frost.
A dragon tries to answer your call, but you don't have enough magical power!
* * * LOW HITPOINT WARNING * * *
Your ice dragon bites the orb of fire but does no damage.
Your ice dragon completely misses the orb of fire.
Your ice dragon tramples the orb of fire.
The orb of fire holds its ground!
The orb of fire glows yellow.
The fireball explodes!
The fireball engulfs your ice dragon!!!!
Your ice dragon is burned terribly!
Your ice dragon dies!
Your ice dragon's corpse disappears in a puff of smoke!
The fireball engulfs the orb of fire.
The orb of fire completely resists.
A klown pie appears from out of your range of vision.
The klown pie hits your fire dragon!!!
Moon pie!
Your fire dragon evaporates and reforms as an ice dragon!
Your system partially rejects the healing.
You feel much better.
You are engulfed in whirling frost.
* * * LOW HITPOINT WARNING * * *
Your storm dragon bites the twister!
Your storm dragon claws the twister!
Your storm dragon tramples the twister!
The twister is shoved backwards!
The orb of fire emits a lurid red light.
The fireball explodes!
The fireball engulfs you!! You resist.
You die...

..# #.#
#............)........ ..#
#.# #..........<))[.......
..# #!#
#§D§§§§L§..⌠.......... ..#
#.# #§§§§X§§§.p...........
..# #.#
#§§§§§§§§............. ###
#.# #§yD§§§§§.^.....#####.
#.# #§§§§§§§§.......#####.
#.#####§§Dv§§§§.......#≈≈≈#.
#.....§§§§§@§§§.......#≈≈≈#.
#.#####§§§§§§§§.......#≈≈≈#.
#.....#§§§§§§§§.......#####.
##.##.#§§§§§§§§^............
##
#.##.#§§§§§§§§*............
.#
#.##.##+######*##......#'##
.# #.##.##.# #.##.####.#.##
.# #.##.##.# #..'.#≈≈#^#.#.
.######.##.##.#
##.#.#≈≈#.'...


You could see a twister (summoned, vortex, ally target), 2 orbs of fire, a
Killer Klown (distracted), a tentacled monstrosity, an ancient lich
(distracted), a moth of wrath, a friendly golden dragon (summoned), a friendly
storm dragon (summoned) and a friendly ice dragon (summoned).

Vanquished Creatures
  the Royal Jelly (Slime:5)
  3 ancient liches
  A dread lich (Vaults:5)
  3 orbs of fire (Zot:5)
  A juggernaut (Depths:4)
  Bai Suzhen (Depths:2)
  Vv (Depths:3)
  A Killer Klown (Zot:5)
  Frederick (Vaults:2)
  2 caustic shrikes (Depths:4)
  Jory (Crypt:3)
  Arachne (Spider:4)
  9 golden dragons
  A shard shrike zombie (Crypt:3)
  6 tentacled monstrosities
  11 Orb Guardians (Zot:5)
  3 electric golems
  Zenata (Crypt:3)
  3 titans (Vaults:5)
  A lich (Depths:4)
  A deep elf master archer (Elf:3)
  4 quicksilver dragons
  Agnes (D:15)
  A deep elf blademaster (Elf:3)
  5 acid blobs
  An ancient champion (Crypt:1)
  6 death cobs
  2 sphinxes
  4 tengu reavers
  6 shadow dragons
  9 storm dragons
  4 azure jellies
  3 fire giants
  3 revenants
  A draconian monk (Zot:4)
  8 draconian knights
  4 rockslimes
  4 emperor scorpions (Spider:2)
  A draconian scorcher (Zot:5)
  A balrug (Depths:4)
  2 frost giants
  4 ghost moths (Spider:4)
  8 vault wardens
  4 deep elf sorcerers
  A spectral caustic shrike (Depths:1)
  3 curse skulls
  3 deep elf elementalists (Elf:3)
  5 draconian shifters
  A draconian annihilator (Depths:4)
  An iron dragon (Vaults:5)
  5 ghouls (Crypt:1)
  4 draconian stormcallers
  10 very ugly things
  10 ironbound preservers
  2 war gargoyles
  2 quicksilver oozes
  6 stone giants
  12 vampire knights
  2 broodmothers
  8 ironbound thunderhulks
  8 yellow draconians
  6 black draconians
  10 purple draconians
  2 deep elf demonologists (Elf:3)
  5 deep elf annihilators
  A minotaur (Shoals:4)
  4 entropy weavers
  4 spark wasps
  4 white draconians
  3 red draconians
  An eidolon (Crypt:1)
  8 dire elephants
  A crystal guardian (Vaults:4)
  3 deep elf death magi
  6 ragged hierophants (Desolation)
  2 merfolk javelineers (Shoals:4)
  4 jiangshi (Crypt:3)
  4 ettins
  14 yaktaur captains
  6 great orbs of eyes
  A fire dragon (Depths:3)
  2 merfolk impalers
  3 servants of whispers (Desolation)
  6 ice dragons
  2 catoblepae
  A juggernaut simulacrum (Depths:2)
  A spriggan zombie (Crypt:3)
  6 peacekeepers
  A demonspawn (Orc:2)
  20 vault guards
  9 ironbound frosthearts
  A spriggan air mage (Depths:1)
  A merfolk aquamancer (Shoals:4)
  3 boulder beetles
  3 hydras
  10 centaur warriors
  A merfolk avatar (Shoals:4)
  A radroach (Spider:4)
  3 death knights
  4 ogre magi
  2 satyrs (Shoals:4)
  7 two-headed ogres
  A fenstrider witch skeleton (Crypt:2)
  25 dancing weapons
  2 death yaks (Lair:5)
  4 orc high priests (Orc:2)
  3 tengu warriors
  A spriggan berserker (Depths:3)
  6 deep troll earth magi
  4 deep troll shamans
  7 vampire magi
  A sun demon (Orc:2)
  5 hell knights
  3 soul eaters
  13 deep elf knights
  2 sixfirhies
  11 skeletal warriors
  A golden dragon zombie (Crypt:3)
  2 iron trolls
  4 pharaoh ants
  7 steelbarb worms
  A ghost moth zombie (Crypt:3)
  4 orb spiders
  2 sun moths (Spider:1)
  3 flayed ghosts
  5 sea snakes
  32 deep trolls
  18 phantasmal warriors
  4 lindwurms
  2 necromancers
  18 ironbound convokers
  The ghost of alja1234 the Shield-Bearer, a novice MeFi of Okawaru (D:6)
  A shadow dragon zombie (Crypt:2)
  10 deep elf archers
  23 harpies
  2 orc knights
  6 wizards
  19 deep elf pyromancers
  A frost giant zombie (Depths:2)
  18 deep elf zephyrmancers
  10 wolf spiders
  An iron dragon zombie (Crypt:3)
  7 orc sorcerers
  7 cyclopes
  A stone giant zombie (Crypt:3)
  13 manticores
  18 ugly things
  18 moths of wrath
  2 fauns
  A centaur zombie (Crypt:3)
  A rust devil (Depths:1)
  A stone giant skeleton (Depths:2)
  9 vault sentinels
  2 elephants (Lair:3)
  A dire elephant zombie (Crypt:3)
  3 black mambas
  6 torpor snails
  A guardian serpent (Desolation)
  An elephant slug zombie (Crypt:3)
  A smoke demon (Depths:1)
  Joseph (D:8)
  2 water nymphs (Shoals:3)
  4 cane toads
  An orange demon (Depths:1)
  2 unseen horrors
  A kobold demonologist (D:9)
  A yellow draconian zombie (Crypt:2)
  5 demonic crawlers
  2 freezing wraiths
  A rime drake (Lair:5)
  An efreet (D:13)
  A tormentor (Depths:1)
  A harpy zombie (Crypt:3)
  3 komodo dragons
  7 yaktaurs
  A guardian mummy (Crypt:3)
  A polar bear (Lair:4)
  5 meliai
  A red devil (Depths:4)
  A wind drake (Shoals:4)
  7 merfolk
  A tyrant leech (shapeshifter) (Vaults:5)
  12 blink frogs
  3 trolls
  11 tarantellas
  A harpy skeleton (Crypt:3)
  3 snapping turtles
  49 slime creatures
  A dream sheep (shapeshifter) (Depths:4)
  2 nameless horrors
  33 saltlings (Desolation)
  A jumping spider (shapeshifter) (D:13)
  2 ettin zombies (Crypt:3)
  14 jumping spiders
  9 air elementals
  A flying skull (Crypt:1)
  15 culicivoras
  2 ynoxinuls
  10 water elementals
  A wyvern (D:7)
  14 vampires (Crypt:3)
  7 wraiths
  A neqoxec (Depths:2)
  23 yaks
  3 fire elementals
  3 basilisks
  16 redbacks
  2 chaos spawn
  3 vampire mosquitoes (D:11)
  A naga zombie (Crypt:3)
  A glowing shapeshifter zombie (Depths:2)
  A hell hound (Lair:3)
  7 water moccasins
  A demonspawn skeleton (Crypt:1)
  A black bear (shapeshifter) (D:13)
  16 orc warriors
  An ice beast (D:8)
  A sky beast (D:6)
  7 centaurs
  5 ogres
  9 wolves
  A snapping turtle skeleton (Crypt:1)
  A rime drake zombie (Crypt:2)
  6 bullfrogs
  A scorpion (D:7)
  2 earth elementals
  3 gnoll sergeants (D:6)
  2 necrophages
  A wyvern zombie (Crypt:1)
  A cyclops skeleton (Crypt:1)
  2 wights (D:6)
  A yak skeleton (Crypt:1)
  3 howler monkeys
  8 electric eels
  A hound (D:5)
  A gnoll bouda (D:6)
  A jelly (Lair:5)
  10 orc priests
  6 orc wizards
  An iguana (D:5)
  2 hell rats (Lair:5)
  An acid dragon skeleton (Crypt:1)
  A deep dwarf skeleton (Crypt:2)
  5 gnolls
  10 adders
  A shadow imp (D:7)
  A white imp (D:8)
  An ufetubus (D:5)
  A worm (D:3)
  4 dart slugs
  39 orcs
  4 ball pythons
  10 endoplasms
  7 giant cockroaches
  A gnoll zombie (Crypt:2)
  5 goblins
  7 hobgoblins
  3 jackals
  17 kobolds
  2 quokkas
  4 bats
  A frilled lizard (Sewer)
  9 rats
  A butterfly (Lair:4)
  5 pillars of salt (Vaults:2)
  A tentacle (Shoals:2)
1312 creatures vanquished.

Vanquished Creatures (collateral kills)
  Tiamat (Zot:2)
  A dread lich (Zot:5)
  4 orbs of fire (Zot:5)
  A Killer Klown (Zot:3)
  Saint Roka (Vaults:2)
  3 caustic shrikes (Depths:4)
  2 golden dragons
  12 tentacled monstrosities
  11 Orb Guardians (Zot:5)
  Asterion (Depths:2)
  A deep elf master archer (Elf:3)
  A titan (Vaults:4)
  2 deep elf blademasters
  3 quicksilver dragons
  2 ancient champions (Crypt:2)
  11 acid blobs
  An eldritch tentacle (Zot:1)
  9 sphinxes
  3 death cobs
  12 storm dragons
  4 shadow dragons
  3 tengu reavers (Vaults:5)
  9 azure jellies
  3 draconian monks
  Ilsuiw (Shoals:3)
  An imperial myrmidon (Desolation)
  A revenant (Crypt:1)
  2 draconian knights
  4 fire giants
  3 ghost moths
  7 rockslimes
  3 frost giants
  7 draconian scorchers
  5 vault wardens
  An orc warlord (Bailey)
  Louise (Depths:1)
  2 spectral caustic shrikes (Depths:1)
  5 deep elf sorcerers
  A draconian stormcaller (Zot:1)
  3 draconian annihilators
  A ghoul (Crypt:3)
  7 stone giants
  9 ironbound preservers
  8 draconian shifters
  A reaper (Crypt:2)
  An ironbound thunderhulk (Vaults:2)
  4 deep elf demonologists
  2 war gargoyles (Vaults:1)
  4 quicksilver oozes
  10 black draconians
  10 very ugly things
  3 vampire knights (Crypt:3)
  6 green draconians
  3 entropy weavers
  3 deep elf annihilators (Elf:3)
  6 yellow draconians
  12 white draconians
  3 dire elephants
  11 purple draconians
  2 spark wasps (Depths:3)
  A minotaur (Shoals:4)
  6 ettins
  4 red draconians
  A crystal guardian (Desolation)
  3 deep elf death magi
  2 fire dragons (Depths:1)
  A merfolk javelineer (Shoals:2)
  2 eidola
  4 yaktaur captains
  2 merfolk impalers (Shoals:3)
  4 great orbs of eyes
  4 jiangshi
  12 vault guards
  A ragged hierophant (Desolation)
  A deep elf high priest (Elf:3)
  4 ice dragons
  A servant of whispers (Desolation)
  2 spriggan air magi
  5 boulder beetles
  3 peacekeepers
  5 hydras
  A demonspawn (Orc:2)
  A rakshasa (Depths:1)
  A merfolk avatar (Shoals:3)
  8 ironbound frosthearts
  A jorogumo (Spider:4)
  2 ogre magi
  A radroach (Spider:4)
  2 two-headed ogres
  A catoblepas (Lair:5)
  An alligator snapping turtle (Shoals:2)
  An Orb Guardian skeleton (Crypt:3)
  3 death yaks (Lair:5)
  5 deep troll shamans
  4 merfolk aquamancers
  7 satyrs (Shoals:4)
  3 vampire magi
  2 spriggan berserkers
  A tengu warrior (D:13)
  10 dancing weapons
  A deep troll earth mage (Vaults:5)
  3 orc high priests (Orc:2)
  6 deep elf knights
  A fire crab (shapeshifter) (Elf:3)
  A hell knight (Vaults:5)
  A storm dragon zombie (Crypt:3)
  8 skeletal warriors
  An iron giant zombie (Crypt:1)
  2 golden dragon zombies (Crypt:3)
  2 iron trolls (Depths:3)
  5 pharaoh ants
  5 orb spiders
  25 deep trolls
  A sea snake (Shoals:1)
  A bog body (Crypt:3)
  11 deep elf archers
  2 glowing orange brains
  9 wizards
  A shadow dragon zombie (Crypt:3)
  A tengu zombie (Depths:2)
  An obsidian statue (Zot:5)
  12 harpies
  5 ironbound convokers
  A necromancer (Depths:2)
  4 lindwurms (Vaults:1)
  Pikel (D:9)
  13 deep elf zephyrmancers
  4 orc sorcerers
  3 orc knights (Orc:2)
  22 ugly things
  11 deep elf pyromancers
  8 wolf spiders
  4 phantasmal warriors
  15 manticores
  4 shining eyes
  5 fauns
  12 moths of wrath
  8 merfolk sirens
  9 elephants
  A torpor snail (Spider:3)
  2 water nymphs
  2 eyes of devastation
  12 vault sentinels
  3 guardian serpents (Desolation)
  A molten gargoyle (Desolation)
  2 black mambas
  2 nameless horrors (Shoals:4)
  5 cane toads
  An unseen horror (D:13)
  An efreet (D:10)
  3 rime drakes
  3 demonic crawlers
  4 komodo dragons
  4 freezing wraiths
  6 yaktaurs
  A death drake zombie (Crypt:2)
  A tengu conjurer (D:14)
  3 guardian mummies (Crypt:3)
  A red devil (Orc:2)
  3 trolls
  7 meliai
  6 wind drakes
  An unseen horror skeleton (Crypt:2)
  11 merfolk
  11 tarantellas
  22 saltlings (Desolation)
  46 slime creatures
  A hornet (Depths:2)
  8 blink frogs
  3 snapping turtles
  An ice dragon zombie (Crypt:3)
  23 jumping spiders
  An air elemental (Elf:2)
  2 flying skulls (Crypt:1)
  2 wraiths
  A shadow (D:10)
  14 culicivoras
  7 vampires
  20 yaks
  A spriggan (Depths:2)
  5 water elementals
  3 steam dragons
  A fire elemental (Elf:3)
  3 wyverns
  4 basilisks
  4 golden eyes (Slime:5)
  3 vampire mosquitoes
  37 redbacks
  A merfolk zombie (Crypt:2)
  4 wargs
  6 water moccasins
  2 acid dragons
  A hell hound (Lair:3)
  An ice beast (D:7)
  32 orc warriors
  6 ogres
  10 wolves (Lair:2)
  3 lemures (D:9)
  A phantom (D:5)
  8 centaurs
  2 kobold brigands
  A gnoll sergeant (D:12)
  3 bullfrogs
  3 necrophages
  4 scorpions
  A salamander skeleton (Crypt:1)
  6 wights
  A howler monkey (D:10)
  A polar bear skeleton (Crypt:1)
  3 lava snakes (D:9)
  2 jellies
  27 orc priests
  2 hounds
  A gnoll bouda (D:8)
  3 iguanas
  12 orc wizards
  2 hell rats (Lair:5)
  An adder (D:5)
  12 gnolls
  An ufetubus (D:6)
  61 orcs
  A ball python (D:3)
  A bat skeleton (Crypt:2)
  2 endoplasms
  A giant cockroach (Sewer)
  7 goblins
  2 hobgoblins
  3 jackals (D:2)
  A quokka (D:2)
  3 bats
  2 frilled lizards
  A frilled lizard skeleton (Crypt:3)
  A hobgoblin skeleton (Crypt:2)
  21 kobolds
  A rat (D:2)
  2 butterflies (Lair:5)
1188 creatures vanquished.

Vanquished Creatures (others)
  An Orb Guardian (Zot:5)
  17 eldritch tentacles
  An emperor scorpion (Spider:2)
  A deep elf annihilator (Elf:3)
  2 vault guards (Vaults:5)
  5 two-headed ogres
  A hydra (D:13)
  A catoblepas (Lair:5)
  An ogre mage (D:12)
  A demonspawn (Orc:2)
  A satyr (Shoals:4)
  2 death yaks (Lair:5)
  A spriggan berserker (Depths:2)
  2 deep elf knights
  An orb spider (Spider:4)
  An orc knight (Orc:2)
  A wizard (Vaults:1)
  A faun (Shoals:4)
  A deep elf zephyrmancer (Elf:1)
  A wolf spider (Spider:4)
  A slime creature (D:13)
  2 manticores
  5 elephants
  A moth of wrath (Zot:3)
  A cane toad (Lair:5)
  A freezing wraith (D:10)
  A troll (D:10)
  2 snapping turtles (Shoals:2)
  A saltling (Desolation)
  9 yaks
  2 redbacks (Spider:1)
  A steam dragon (D:10)
  2 orc warriors
  2 ogres (D:12)
  2 gnoll sergeants
  A centaur simulacrum (D:10)
  An orc (D:7)
  25 fungi
  6 pillars of salt (Vaults:2)
  106 plants
  19 snaplasher vines
  4 tentacles (Shoals:2)
  5 withered plants
243 creatures vanquished.

Grand Total: 2743 creatures vanquished

Notes
Turn   | Place    | Note
-------+----------+-------------------------------------------
     0 | D:1      | Mesmaeker13 the Tengu Summoner began the quest for the Orb.
     0 | D:1      | Reached XP level 1. HP: 10/10 MP: 4/4
   239 | D:1      | Reached skill level 5 in Summonings
   276 | D:1      | Reached XP level 2. HP: 9/15 MP: 6/6
   453 | D:1      | Found a faded altar of an unknown god.
  1256 | D:2      | Learned a level 2 spell: Call Imp
  1446 | D:2      | Found a blossoming altar of Fedhas.
  1548 | D:2      | Reached XP level 3. HP: 15/19 MP: 4/7
  1829 | D:2      | Noticed Sigmund
  2492 | D:3      | Learned a level 3 spell: Call Canine Familiar
  2677 | D:3      | Found a shadowy altar of Dithmenos.
  2813 | D:3      | Reached XP level 4. HP: 24/24 MP: 5/9
  3177 | D:3      | Found a radiant altar of Vehumet.
  3196 | D:3      | Found a hide-covered altar of Uskayaw.
  3208 | D:3      | Found an ornate altar of the Wu Jian Council.
  3385 | D:4      | Found a staircase to the Ecumenical Temple.
  3394 | Temple   | Entered the Ecumenical Temple
  3415 | Temple   | Became a worshipper of Cheibriados the Contemplative
  3460 | D:4      | Learned a level 3 spell: Summon Guardian Golem
  3657 | D:4      | Gained mutation: Your magical nature lets you fly swiftly
                  | and evasively. [Tengu growth]
  3657 | D:4      | Reached XP level 5. HP: 15/28 MP: 10/10
  3868 | D:4      | Identified the +1 leather armour "Ahuasaw" {+Blink rC-
                  | Int+9 Stlth+}
  3914 | D:4      | Noticed an ogre
  3923 | D:4      | Reached skill level 6 in Summonings
  3926 | D:4      | Killed an ogre
  3927 | D:4      | Reached skill level 1 in Hexes
  3927 | D:4      | Reached XP level 6. HP: 20/32 MP: 8/12
  4204 | D:4      | Found a large runed translucent door.
  4204 | D:4      | Found a large runed translucent door.
  4210 | D:4      | Noticed a wyvern
  4230 | D:4      | Noticed a wyvern
  4235 | D:4      | Killed a wyvern
  4235 | D:4      | Reached * piety under Cheibriados
  4236 | D:4      | Reached XP level 7. HP: 36/36 MP: 9/13
  4295 | D:4      | Found a large runed translucent door.
  4295 | D:4      | Found a large runed translucent door.
  4874 | D:4      | Learned a level 4 spell: Summon Lightning Spire
  4875 | D:5      | Entered Level 5 of the Dungeon
  4875 | D:5      | Found Aack's Alliterative Accessories.
  4907 | D:5      | Reached skill level 1 in Air Magic
  4987 | D:5      | Reached skill level 5 in Dodging
  5124 | D:5      | Reached skill level 7 in Summonings
  5128 | D:5      | Found a glowing drain.
  5141 | Sewer    | Entered a sewer
  5175 | Sewer    | Reached ** piety under Cheibriados
  5460 | D:5      | Reached XP level 8. HP: 41/41 MP: 12/15
  5681 | D:5      | Found an opulent altar of Gozag.
  5842 | D:5      | Found a glowing silver altar of Zin.
  6046 | D:6      | Found Sumets's Antique Armour Emporium.
  6178 | D:6      | Reached *** piety under Cheibriados
  6281 | D:6      | Reached skill level 5 in Spellcasting
  6440 | D:6      | Reached skill level 8 in Summonings
  6446 | D:6      | Reached XP level 9. HP: 20/45 MP: 8/17
  6729 | D:6      | Found a transporter.
  6743 | D:6      | Noticed alja1234's ghost (novice MeFi)
  6789 | D:6      | Identified the +2 leather armour "Kyvinke" {Harm Drain
                  | Str-2 Int+6}
  6991 | D:6      | Reached skill level 5 in Air Magic
  7355 | D:6      | Found a transporter.
  7463 | D:7      | Reached **** piety under Cheibriados
  7477 | D:7      | Found a flagged portal.
  7491 | Bailey   | Entered a bailey
  7516 | Bailey   | Noticed an orc warlord
  7708 | Bailey   | Found a runed translucent gate.
  7710 | Bailey   | Found a runed translucent gate.
  7711 | Bailey   | Found a runed translucent gate.
  7766 | Bailey   | Killed an orc warlord
  7767 | Bailey   | Reached skill level 9 in Summonings
  7767 | Bailey   | Reached XP level 10. HP: 50/50 MP: 10/20
  7848 | Bailey   | Got the Quarto of Bolts
  7858 | Bailey   | Identified the +7 mace of Wumubawo {vorpal, Fragile Int+3
                  | Dex+3}
  7865 | Bailey   | Acquired the +0 hat "Qeolonoa" {Drain rCorr Str+3}
  8159 | D:7      | Reached ***** piety under Cheibriados
  8658 | D:8      | Noticed Joseph
  8860 | D:8      | Killed Joseph
  8861 | D:8      | Reached skill level 1 in Armour
  8927 | D:8      | Noticed a two-headed ogre
  9028 | D:8      | Killed a two-headed ogre
  9029 | D:8      | Reached skill level 5 in Hexes
  9029 | D:8      | Reached skill level 10 in Summonings
  9561 | D:8      | Found a staircase to the Lair.
  9571 | D:8      | Reached skill level 1 in Invocations
  9819 | D:6      | Bought an encrusted scale mail for 216 gold pieces
  9819 | D:6      | Identified the +0 scale mail of the Game of Kings {rPois}
                  | (You bought it in a shop on level 6 of the Dungeon)
  9976 | D:9      | Noticed Pikel
  9982 | D:9      | Killed Pikel
 10070 | D:9      | Reached XP level 11. HP: 54/54 MP: 18/22
 10477 | D:9      | Noticed a two-headed ogre
 10598 | D:9      | Noticed an orange crystal statue
 10654 | D:9      | Found a sparkling altar of Nemelex Xobeh.
 10923 | D:10     | Entered Level 10 of the Dungeon
 11015 | D:10     | Noticed a deep elf pyromancer
 11020 | D:10     | Killed a deep elf pyromancer
 11023 | D:10     | Reached skill level 11 in Summonings
 12687 | Lair:1   | Entered Level 1 of the Lair of Beasts
 12782 | Lair:1   | You are sucked into a shaft and drop 1 floor!
 12789 | Lair:2   | Reached skill level 1 in Fighting
 12789 | Lair:2   | Reached skill level 1 in Long Blades
 12789 | Lair:2   | Reached skill level 5 in Armour
 12864 | Lair:2   | Reached ****** piety under Cheibriados
 13013 | Lair:2   | Noticed a four-headed hydra
 13031 | Lair:2   | Killed a four-headed hydra
 13126 | Lair:2   | Reached XP level 12. HP: 64/64 MP: 18/23
 13698 | Lair:1   | Noticed a catoblepas
 13710 | Lair:1   | Killed a catoblepas
 13711 | Lair:1   | Reached skill level 1 in Shields
 13711 | Lair:1   | Reached skill level 12 in Summonings
 13801 | Lair:1   | Reached skill level 5 in Invocations
 14577 | D:5      | Bought +0 acid dragon scales for 400 gold pieces
 15418 | Lair:2   | Found a hole to the Spider Nest.
 15773 | Lair:3   | Reached skill level 5 in Long Blades
 15788 | Lair:3   | Identified the +2 pair of gloves of the Iron Devil {rF+
                  | rC+}
 15831 | Lair:3   | Reached skill level 5 in Fighting
 15976 | Lair:3   | Found a runed translucent door.
 15976 | Lair:3   | Noticed Zoykot's ghost (journeyman DsGl)
 16030 | Lair:3   | Reached XP level 13. HP: 73/73 MP: 15/24
 16136 | Lair:3   | Reached skill level 13 in Summonings
 16139 | Lair:3   | Found a staircase to the Shoals.
 17189 | Lair:4   | Reached skill level 5 in Shields
 17462 | Lair:4   | Got Gegoigupn's Incunabulum of Virulent Maleficent Arts
 17989 | Lair:5   | Entered Level 5 of the Lair of Beasts
 18207 | Lair:5   | Found a staircase to the Slime Pits.
 18352 | Lair:5   | Learned a level 5 spell: Summon Forest
 18583 | Lair:5   | Found a viscous altar of Jiyva.
 18675 | Lair:5   | Reached skill level 14 in Summonings
 18675 | Lair:5   | Reached skill level 1 in Translocations
 18675 | Lair:5   | Reached XP level 14. HP: 82/82 MP: 9/25
 20692 | D:11     | Found Idiniuf's General Store.
 20817 | D:11     | Identified the +6 great sword of Demand {flame, rC+ Str+4}
 21797 | D:12     | Found a staircase to the Orcish Mines.
 21938 | Orc:1    | Entered Level 1 of the Orcish Mines
 22135 | Orc:2    | Entered Level 2 of the Orcish Mines
 22163 | Orc:2    | Learned a level 3 spell: Tukima's Dance
 22169 | Orc:2    | Found Utteit's Distillery.
 22177 | Orc:2    | Found a burning altar of Makhleb.
 22305 | Orc:2    | Reached skill level 15 in Summonings
 22578 | Orc:1    | Reached XP level 15. HP: 85/86 MP: 20/26
 22719 | Orc:1    | Found a transporter.
 22719 | Orc:1    | Noticed Voker57's ghost (journeyman DsGl)
 22763 | Orc:1    | Found a transporter.
 22931 | Orc:2    | Found Guczagax's Distillery.
 22945 | Orc:2    | Gained mutation: Armour fits poorly on your strangely
                  | shaped body. [a neqoxec]
 22962 | Orc:2    | Reached skill level 10 in Long Blades
 23015 | Orc:2    | Found a staircase to the Elven Halls.
 23063 | Orc:2    | Found Pugetuy's General Store.
 23129 | Orc:2    | Found Dim Emaen's Jewellery Emporium.
 23334 | Orc:2    | Found Muixybb's General Store.
 23335 | Orc:2    | Found Ybythreha's General Store.
 23991 | Orc:2    | Reached skill level 5 in Translocations
 24018 | Orc:2    | Paralysed by an orc sorcerer for 4 turns
 24098 | Orc:2    | Found Xaudez's Antique Weapon Boutique.
 24098 | Orc:2    | Found Iczaagro's Book Shop.
 24099 | Orc:2    | Found a one-way gate leading to the halls of Pandemonium.
 24257 | Orc:2    | Bought a ring of poison resistance for 320 gold pieces
 24259 | Orc:2    | Bought a ring of see invisible for 240 gold pieces
 25261 | D:13     | Reached skill level 10 in Invocations
 25265 | D:13     | Reached skill level 16 in Summonings
 25274 | D:13     | Found a gate to the Vaults.
 25727 | D:14     | Found a radiant altar of Vehumet.
 25932 | D:14     | Reached XP level 16. HP: 64/92 MP: 20/27
 26343 | D:14     | Found a runed translucent door.
 26343 | D:14     | Found a shimmering altar of Xom.
 26343 | D:14     | Noticed Moink's ghost (journeyman DrCj)
 26485 | D:15     | Entered Level 15 of the Dungeon
 26546 | D:15     | Reached skill level 10 in Shields
 26659 | D:15     | Found a basalt altar of Yredelemnul.
 26706 | D:15     | Noticed Agnes
 26712 | D:15     | Killed Agnes
 26944 | D:15     | Found Ugijir's Armour Shop.
 26985 | D:15     | Found an iron altar of Okawaru.
 26987 | D:15     | Found an opulent altar of Gozag.
 26987 | D:15     | Found a sparkling altar of Nemelex Xobeh.
 27035 | D:15     | Found a shimmering altar of Xom.
 27035 | D:15     | Found an ornate altar of the Wu Jian Council.
 27035 | D:15     | Found a hide-covered altar of Uskayaw.
 27101 | D:15     | Upgraded the game from 0.29-a0-914-g906f1d757c to
                  | 0.29-a0-923-g6e406bff71
 27355 | D:15     | Found a staircase to the Depths.
 27631 | D:5      | Bought a scroll of acquirement for 520 gold pieces
 27633 | D:5      | Acquired the amulet "Losaskarr" {Acrobat rN+ Will+ MP+9}
 27708 | D:6      | Killed alja1234's ghost
 27991 | Spider:1 | Entered Level 1 of the Spider Nest
 28007 | Spider:1 | Reached skill level 17 in Summonings
 29560 | Spider:1 | Reached XP level 17. HP: 96/96 MP: 28/28
 31220 | Spider:2 | Reached skill level 18 in Summonings
 32235 | Spider:3 | Found a large runed translucent door.
 32235 | Spider:3 | Found a large runed translucent door.
 32237 | Spider:3 | Noticed Nacwyfagh's ghost (adept MiFi)
 32885 | Spider:4 | Entered Level 4 of the Spider Nest
 32904 | Spider:4 | Noticed Arachne
 32931 | Spider:4 | Killed Arachne
 34479 | Spider:4 | Found the +3 crown of Dyrovepreva {rElec Int+2 SInv}
 34659 | Spider:4 | Reached XP level 18. HP: 101/101 MP: 0/29
 34827 | Spider:4 | Reached skill level 10 in Armour
 35117 | Spider:4 | Got a gossamer rune of Zot
 35458 | Lair:1   | Learned a level 7 spell: Summon Hydra
 35533 | Shoals:1 | Entered Level 1 of the Shoals
 35796 | Shoals:1 | Reached skill level 19 in Summonings
 36396 | Shoals:2 | Found Liuz's Antique Weapon Shop.
 36615 | Shoals:2 | Found Kuuvoku's Armour Boutique.
 36625 | Shoals:2 | Found Ompusef's Assorted Antiques.
 36661 | Shoals:2 | Bought an opal ring for 105 gold pieces
 36844 | Shoals:2 | Identified the amulet of Qisag {Faith -Cast rPois rF+++
                  | Stlth+}
 36902 | Shoals:2 | Found Yraimm's Antique Weapon Emporium.
 36919 | Shoals:2 | Found Ommedyl's Book Emporium.
 36933 | Shoals:2 | Learned a level 4 spell: Airstrike
 37070 | Shoals:2 | Found Kisemat's Weapon Shoppe.
 37848 | Shoals:4 | Entered Level 4 of the Shoals
 38535 | Shoals:4 | Reached XP level 19. HP: 43/110 MP: 12/32
 38661 | Shoals:3 | Noticed Ilsuiw
 38716 | Shoals:3 | Killed Ilsuiw
 39236 | Shoals:4 | Identified the +1 pair of boots of Compassion {rElec rN++
                  | Str-2 Slay-5}
 39378 | Shoals:4 | Got a barnacled rune of Zot
 39418 | Shoals:4 | Reached skill level 20 in Summonings
 39427 | Shoals:4 | Reached skill level 10 in Fighting
 39905 | Lair:1   | Learned a level 5 spell: Summon Mana Viper
 40130 | Elf:1    | Entered Level 1 of the Elven Halls
 41721 | Elf:2    | Paralysed by an air elemental for 1 turns
 41724 | Elf:2    | Paralysed by an air elemental for 1 turns
 42001 | Elf:2    | Found Fatatywaka's Weapon Shop.
 42184 | Elf:2    | Reached skill level 10 in Spellcasting
 42235 | Elf:2    | Reached XP level 20. HP: 115/120 MP: 35/35
 42316 | Elf:2    | Found a runed translucent gate.
 42317 | Elf:2    | Found a runed translucent gate.
 42317 | Elf:2    | Found a runed translucent gate.
 43272 | Elf:3    | Entered Level 3 of the Elven Halls
 44192 | Elf:3    | Found an ancient bone altar of Kikubaaqudgha.
 44548 | Elf:3    | Reached skill level 21 in Summonings
 44805 | Elf:3    | Paralysed by an air elemental for 1 turns
 44906 | Elf:3    | Identified the +8 quarterstaff of the Radish {chaos, Str-4
                  | Int+6}
 45741 | Elf:3    | Identified the +4 falchion of Lihahom {vorpal, rF+}
 45742 | Elf:3    | Identified the ring "Toejorot" {Fire MP+9}
 45743 | Elf:3    | Identified the ring "Loqussyu" {MP+9 Dex+5 Slay+3}
 46546 | Elf:3    | Identified the +2 pair of gloves of Udwuel {Harm rElec rC+
                  | Str+2}
 47161 | Depths:1 | Entered Level 1 of the Depths
 47557 | Depths:1 | Found Hoodym Bebod's Weapon Shop.
 47557 | Depths:1 | Found Feadyrou's Distillery.
 47559 | Depths:1 | Found Bawkosch's Jewellery Boutique.
 47560 | Depths:1 | Found Kuturhom's Distillery.
 47758 | Depths:1 | Found a one-way gate to the infinite horrors of the Abyss.
 47767 | Depths:1 | Noticed Louise
 47773 | Depths:1 | Killed Louise
 47774 | Depths:1 | Reached XP level 21. HP: 127/127 MP: 37/37
 48145 | Depths:1 | Found a gateway to Hell.
 48214 | Depths:1 | Found a runed translucent door.
 48980 | Depths:2 | Noticed Asterion
 49018 | Depths:2 | Killed Asterion
 49125 | Depths:2 | Noticed Bai Suzhen
 49149 | Depths:2 | Killed Bai Suzhen
 49371 | Depths:2 | Identified the +7 sling of Mutilation {freeze, Int+2}
 50122 | Depths:2 | Reached skill level 22 in Summonings
 50530 | Depths:2 | Gained mutation: Your spells are a little easier to cast,
                  | but a little less powerful. [a neqoxec]
 50533 | Depths:2 | Lost mutation: Armour fits poorly on your strangely shaped
                  | body. [potion of mutation]
 50533 | Depths:2 | Lost mutation: Your spells are a little easier to cast, but
                  | a little less powerful. [potion of mutation]
 50533 | Depths:2 | Gained mutation: You are frail. (-10% HP) [potion of
                  | mutation]
 50533 | Depths:2 | Gained mutation: You are somewhat resistant to further
                  | mutation. [potion of mutation]
 50796 | Orc:2    | Bought Rukymeat's Guide on Creative Ensorcelling for 308
                  | gold pieces
 50801 | Orc:2    | Bought a manual of Stealth for 1120 gold pieces
 50882 | Orc:2    | Bought a scroll of magic mapping for 105 gold pieces
 51034 | Depths:1 | Learned a level 8 spell: Summon Horrible Things
 51161 | Depths:3 | Noticed Vv
 51379 | Vaults:1 | Entered Level 1 of the Vaults
 51865 | Vaults:1 | Learned a level 4 spell: Passage of Golubria
 52327 | Vaults:1 | Reached skill level 15 in Shields
 52626 | Vaults:1 | Found Loityrit's General Store.
 52651 | Vaults:1 | Bought a scroll of blinking for 112 gold pieces
 53217 | Vaults:1 | Reached XP level 22. HP: 116/122 MP: 39/39
 54182 | Vaults:2 | Noticed Saint Roka
 54198 | Vaults:2 | Killed Saint Roka
 54270 | Vaults:2 | Found a crumbling gateway.
 54294 | Desolati | Entered the Desolation of Salt
 54557 | Desolati | Identified the +0 ring mail of Fortitude {rElec SInv}
 54648 | Desolati | Reached skill level 23 in Summonings
 54957 | Desolati | Got the Reference Book on Black Liturgies and Ice
 54960 | Desolati | Identified the amulet of Bimoraick {+Inv rC+ Regen+ Slay+3}
 54966 | Desolati | Identified the amulet of Sif Juas {RegenMP -Tele Harm Fly
                  | rCorr}
 55878 | Vaults:2 | Noticed Frederick
 55908 | Vaults:2 | Killed Frederick
 56843 | Vaults:3 | Found a staircase to the Crypt.
 56860 | Vaults:3 | Reached skill level 15 in Fighting
 56860 | Vaults:3 | Reached XP level 23. HP: 110/129 MP: 41/41
 57110 | Vaults:3 | Reached skill level 5 in Stealth
 58099 | Vaults:3 | You are sucked into a shaft and drop 1 floor!
 58099 | Vaults:4 | Found Kasali's Weapon Shoppe.
 58569 | Vaults:3 | Found a runed translucent door.
 58569 | Vaults:3 | Noticed Wixyl's ghost (adept DsEE)
 58665 | Vaults:4 | Found Doifemp's Weapon Shoppe.
 59519 | Vaults:4 | Reached skill level 24 in Summonings
 59963 | Vaults:4 | Found Edaloll's Antique Weapon Shoppe.
 60049 | Vaults:4 | Found Wenelumo's Weapon Shoppe.
 60605 | Vaults:4 | Found Udacam's Magic Scroll Boutique.
 60610 | Vaults:4 | Bought a scroll of blinking for 105 gold pieces
 60610 | Vaults:4 | Bought a scroll of enchant armour for 105 gold pieces
 60610 | Vaults:4 | Bought a scroll of enchant armour for 105 gold pieces
 61149 | Crypt:1  | Entered Level 1 of the Crypt
 61181 | Crypt:1  | Reached skill level 10 in Stealth
 62058 | Crypt:1  | Reached XP level 24. HP: 112/136 MP: 41/41
 63143 | Crypt:3  | Entered Level 3 of the Crypt
 63465 | Crypt:3  | Got Vehumet's Collected Works on Confrontation
 63659 | Crypt:3  | Noticed Zenata
 63675 | Crypt:3  | Found a staircase to the Tomb.
 64081 | Crypt:3  | Killed Zenata
 64082 | Crypt:3  | Reached skill level 15 in Long Blades
 64489 | Crypt:3  | Identified the +8 spear of Puseg {drain, *Corrode rPois
                  | rF+}
 64754 | Crypt:3  | Identified the +9 dagger "Killer Klown's Curse" {vamp, rF+
                  | Str+3}
 64763 | Crypt:3  | Noticed Jory
 64776 | Crypt:3  | Killed Jory
 65079 | Crypt:3  | Got the Catalogue of the Crypt
 65182 | Crypt:3  | Identified the ring of Itanergh {Drain rPois rC+ MP+9
                  | Str+4}
 65490 | Crypt:3  | Identified the ring "Beibos" {Contam rPois rN+ Str+2 Int+2}
 65490 | Crypt:3  | Identified the ring of Olak {rElec rN+ Dex+3}
 65490 | Crypt:3  | Identified the ring "Mosicuja" {rN+ Will- Str+9 Int+4
                  | Slay+3}
 65839 | Vaults:5 | Entered Level 5 of the Vaults
 65845 | Vaults:5 | Reached skill level 25 in Summonings
 66240 | Vaults:5 | Noticed an ancient lich
 66241 | Vaults:5 | Found Jowkaxka's Assorted Antiques.
 66246 | Vaults:5 | Killed an ancient lich
 66247 | Vaults:5 | Reached XP level 25. HP: 118/144 MP: 41/41
 66683 | Vaults:5 | Identified the +1 leather armour "Netuor" {Rampage}
 66698 | Vaults:5 | Found Zuogg's Magic Scroll Boutique.
 66715 | Vaults:5 | Bought a scroll of magic mapping for 97 gold pieces
 66715 | Vaults:5 | Bought a scroll of magic mapping for 97 gold pieces
 66725 | Vaults:5 | Found Qaudgh's Magic Scroll Emporium.
 66725 | Vaults:5 | Noticed an ancient lich
 66735 | Vaults:5 | Killed an ancient lich
 66742 | Vaults:5 | Bought a scroll of enchant armour for 165 gold pieces
 66774 | Vaults:5 | Noticed a dread lich
 66984 | Vaults:5 | Killed a dread lich
 67035 | Vaults:5 | Reached skill level 15 in Stealth
 67083 | Vaults:5 | HP: 7/145 [titan/the air (15)]
 67761 | Vaults:5 | Identified the +1 robe of the Imp {Regen+ Dex+2}
 68341 | Vaults:5 | Got a silver rune of Zot
 68349 | Vaults:5 | Found Buewk's Distillery.
 68353 | Vaults:5 | Bought a potion of heal wounds for 105 gold pieces
 68394 | Vaults:5 | Found Tusem's Distillery.
 68403 | Vaults:5 | Bought a potion of heal wounds for 70 gold pieces
 69730 | Depths:3 | Reached skill level 26 in Summonings
 69927 | Depths:3 | Killed Vv
 70800 | Depths:4 | Entered Level 4 of the Depths
 70809 | Depths:4 | Noticed a juggernaut
 70817 | Depths:4 | Killed a juggernaut
 71329 | Depths:4 | Found a one-way gateway to a ziggurat.
 71393 | Depths:4 | Learned a level 9 spell: Dragon's Call
 71505 | Depths:4 | Found a runed translucent gate.
 71505 | Depths:4 | Found a runed translucent gate.
 71505 | Depths:4 | Found a runed translucent gate.
 71505 | Depths:4 | Noticed Xockerhu's ghost (adept MiMo)
 72440 | Depths:4 | Reached XP level 26. HP: 125/153 MP: 31/41
 72498 | Depths:4 | Found a runed translucent door.
 72498 | Depths:4 | Found a runed translucent door.
 72650 | Depths:4 | Found a runed translucent door.
 72707 | Depths:4 | Found a runed translucent door.
 72799 | Depths:4 | Found a runed translucent door.
 72810 | Depths:4 | Found a runed translucent door.
 73203 | Depths:4 | Found a gate to the Realm of Zot.
 73763 | Depths:2 | Upgraded the game from 0.29-a0-923-g6e406bff71 to
                  | 0.29-a0-925-g0a7a3d12f8
 73853 | D:15     | Bought a +1 cloak of preservation for 264 gold pieces
 74189 | Slime:1  | Entered Level 1 of the Pits of Slime
 74434 | D:5      | Bought a book of Armaments for 360 gold pieces
 74441 | D:5      | Learned a level 4 spell: Animate Armour
 74826 | Slime:5  | Entered Level 5 of the Pits of Slime
 74845 | Slime:5  | Gained mutation: Armour fits poorly on your strangely
                  | shaped body. [a shining eye]
 74847 | Slime:5  | Gained mutation: You are dopey. (Int -2) [a shining eye]
 75098 | Slime:5  | Reached skill level 27 in Summonings
 75189 | Slime:5  | Noticed the Royal Jelly
 75198 | Slime:5  | Killed the Royal Jelly
 75371 | Slime:5  | Got a slimy rune of Zot
 75393 | Slime:5  | Identified the ring "Bihuh" {rC+ rN+ Will+ EV+4 Int-4}
 75441 | Slime:5  | Identified an amulet of Law {Reflect rElec rPois SH+5
                  | Stlth+}
 75469 | Slime:5  | Identified the +8 scale mail "Legokesu" {rC++ rN+++ Slay-2}
 75959 | Elf:2    | Acquired the Guide on the Throng
 75972 | Elf:2    | Learned a level 7 spell: Malign Gateway
 76418 | Zot:1    | Entered Level 1 of the Realm of Zot
 77071 | Zot:1    | HP: 1/156 [red draconian scorcher/damnation (22)]
 77329 | Zot:1    | Reached skill level 15 in Spellcasting
 77804 | Zot:1    | Reached XP level 27. HP: 148/161 MP: 43/43
 78202 | Zot:2    | Reached skill level 10 in Translocations
 78235 | Zot:2    | Found the +4 dragonskin cloak
 78235 | Zot:2    | Noticed Tiamat
 78282 | Zot:2    | Killed Tiamat
 80274 | Zot:3    | Found a transporter.
 80278 | Zot:3    | Noticed Iruirgha's ghost (veteran OpFi)
 80368 | Zot:3    | Identified the +2 cloak of Sogawn {Harm Regen+ Int-5 Dex+2
                  | Stlth+}
 80937 | Zot:3    | Found a transporter.
 80943 | Zot:3    | Noticed an ancient lich
 82262 | Zot:5    | Entered Level 5 of the Realm of Zot
 82549 | Zot:4    | Lost mutation: You are dopey. (Int -2) [potion of mutation]
 82549 | Zot:4    | Lost mutation: You are somewhat resistant to further
                  | mutation. [potion of mutation]
 82549 | Zot:4    | Gained mutation: You have a pair of small horns on your
                  | head. [potion of mutation]
 82549 | Zot:4    | Gained mutation: You have a somewhat thin skeletal
                  | structure. (Dex +2, Stealth+) [potion of mutation]
 82550 | Zot:4    | Lost mutation: Armour fits poorly on your strangely shaped
                  | body. [potion of mutation]
 82550 | Zot:4    | Lost mutation: You have a somewhat thin skeletal structure.
                  | (Dex +2, Stealth+) [potion of mutation]
 82550 | Zot:4    | Lost mutation: You have a pair of small horns on your head.
                  | [potion of mutation]
 82550 | Zot:4    | Gained mutation: Your spells are a little easier to cast,
                  | but a little less powerful. [potion of mutation]
 82550 | Zot:4    | Gained mutation: Your spells are easier to cast, but less
                  | powerful. [potion of mutation]
 82550 | Zot:4    | Lost mutation: Your spells are easier to cast, but less
                  | powerful. [potion of mutation]
 83341 | Zot:5    | Noticed a dread lich
 83349 | Zot:5    | Killed a dread lich
 83547 | Zot:5    | Noticed an orb of fire
 83566 | Zot:5    | Gained mutation: You occasionally shout uncontrollably at
                  | your foes. [an orb of fire]
 83569 | Zot:5    | Gained mutation: Your magical capacity is low. (-10% MP)
                  | [an orb of fire]
 83574 | Zot:5    | Killed an orb of fire
 83753 | Zot:5    | Noticed an orb of fire
 83775 | Zot:5    | Killed an orb of fire
 84080 | Zot:4    | Lost mutation: You occasionally shout uncontrollably at
                  | your foes. [potion of mutation]
 84080 | Zot:4    | Lost mutation: Your magical capacity is low. (-10% MP)
                  | [potion of mutation]
 84080 | Zot:4    | Gained mutation: You have a pair of small horns on your
                  | head. [potion of mutation]
 84080 | Zot:4    | Gained mutation: You are agile. (Dex +4, Str/Int -1)
                  | [potion of mutation]
 84155 | Zot:5    | Noticed an orb of fire
 84158 | Zot:5    | Noticed an orb of fire
 84158 | Zot:5    | Gained mutation: Your body sometimes deteriorates upon
                  | taking damage. [an orb of fire]
 84158 | Zot:5    | Gained mutation: Potions are less effective at restoring
                  | your health. [an orb of fire]
 84161 | Zot:5    | Noticed an orb of fire
 84474 | Zot:5    | Gained mutation: Armour fits poorly on your strangely
                  | shaped body. [an orb of fire]
 84477 | Zot:5    | Gained mutation: You are dopey. (Int -2) [an orb of fire]
 84479 | Zot:5    | Gained mutation: Your body often deteriorates upon taking
                  | damage. [an orb of fire]
 84483 | Zot:5    | Killed an orb of fire
 84489 | Zot:5    | Killed an orb of fire
 84773 | Zot:5    | Gained mutation: You are occasionally teleported next to
                  | monsters. [an orb of fire]
 84776 | Zot:5    | Killed an orb of fire
 84805 | Zot:5    | Noticed an ancient lich
 84815 | Zot:5    | Killed an ancient lich
 84855 | Zot:5    | Noticed an orb of fire
 84860 | Zot:5    | Gained mutation: You are very dopey. (Int -4) [an orb of
                  | fire]
 84982 | Zot:5    | Noticed an orb of fire
 84982 | Zot:5    | Noticed an orb of fire
 84984 | Zot:5    | Gained mutation: You sometimes lose your temper in combat.
                  | [an orb of fire]
 85004 | Zot:4    | Lost mutation: You are agile. (Dex +4, Str/Int -1) [potion
                  | of mutation]
 85004 | Zot:4    | Lost mutation: Your body often deteriorates upon taking
                  | damage. [potion of mutation]
 85004 | Zot:4    | Gained mutation: Your magical capacity is low. (-10% MP)
                  | [potion of mutation]
 85004 | Zot:4    | Gained mutation: Your system is resistant to poisons.
                  | (rPois) [potion of mutation]
 85004 | Zot:4    | Lost mutation: You sometimes lose your temper in combat.
                  | [potion of mutation]
 85421 | Lair:1   | Lost mutation: Your spells are a little easier to cast, but
                  | a little less powerful. [potion of mutation]
 85421 | Lair:1   | Lost mutation: Armour fits poorly on your strangely shaped
                  | body. [potion of mutation]
 85421 | Lair:1   | Lost mutation: You are occasionally teleported next to
                  | monsters. [potion of mutation]
 86076 | Zot:5    | Noticed an orb of fire
 86083 | Zot:5    | Gained mutation: You are very frail. (-20% HP) [an orb of
                  | fire]
 86090 | Zot:5    | Killed an orb of fire
 86093 | Zot:5    | Gained mutation: You are weak. (Str -2) [an orb of fire]
 86095 | Zot:5    | Noticed an orb of fire
 86102 | Zot:5    | Killed an orb of fire
 86109 | Zot:5    | Noticed an ancient lich
 86111 | Zot:5    | Gained mutation: Your body often deteriorates upon taking
                  | damage. [an orb of fire]
 86119 | Zot:5    | Killed from afar by an orb of fire

Illustrated notes

Levels and vault maps discovered:
D:1:      sevenhm_arrival_forest_fort_small_6, layout_loops_ring,
          hellmonk_ecumenical_altar_inner_sanctum
D:2:      layout_basic, basic_altar, uniq_sigmund
D:3:      layout_loops_ring, nicolae_overflow_quartered_altars, serial_glass,
          glass_columns_b, glass_columns_c, minmay_strange_pillars,
          minmay_strange_pillars, minmay_strange_pillars, due_unseen_surprise
D:4:      layout_loops_corners, minmay_temple_entry_mini_moons,
          minmay_hollow_rounded_squares
D:5:      layout_loops_cross, pdpol_temple_overflow_zin_treasury_gozag_greed,
          portal_sewer_entry_d, nicolae_alphabet_shops
D:6:      layout_basic, gammafunk_ghost_gnarly_gnolls, minmay_statues_item,
          nicolae_take_the_stairs
D:7:      layout_basic, enter_bailey_4
D:8:      layout_loops_cross, david_lair_shrubbed, uniq_joseph
D:9:      layout_long_grid, nemelex_spade_bored_becter, disabler_island,
          uniq_pikel
D:10:     nzn_winding_woodlands_three_and_one
          [nzn_winding_woodlands_5x15_sawtooth,
          nzn_winding_woodlands_5x15_default,
          nzn_winding_woodlands_5x15_default,
          nzn_winding_woodlands_center_triple_pond], layout_basic,
          dk_rats_in_the_wall
D:11:     layout_long_grid, serial_shops, shop, due_unseen_surprise
D:12:     layout_roguey, orc_0_dummy, special_room [special_room_orc]
D:13:     layout_basic, skrybe_vaults_entry_preservation
D:14:     layout_basic, fiery_altar_vehumet, ebering_ghost_xom
D:15:     grunt_enter_depths_hoard, layout_rooms, yredelemnul_altar_generic,
          serial_shops, nicolae_shop_statue_plus, minmay_misc_feat_alley,
          doesnt_xom_only_xom, uniq_agnes
Temple:   regret_index_temple_waves
Lair:1:   layout_misc_corridors
Lair:2:   layout_chaotic_city, nicolae_spider_entry_tight_spaces
Lair:3:   layout_chaotic_city, minmay_shoals_entry_lonely_mermaid,
          enter_volcano_3, ebering_ghost_reflecting_pool,
          infiniplex_staircase_pool_2
Lair:4:   layout_roguey, infiniplex_staircase_pool, lemuel_fruit_fields
Lair:5:   evilmike_catoblepas_cave, layout_gridlike,
          nicolae_slime_entry_slimehenge, serial_bayou_ford_a,
          lemuel_fruit_fields
Shoals:1: layout_shoals, nzn_prometheus_bound
Shoals:2: cheibrodos_shoals_epimethial_gifts, layout_shoals, serial_shops,
          nicolae_shop_stone, nicolae_shop_competitors_out_of_business,
          nicolae_shop_bloodbath_and_beyond, nicolae_shop_hallway_plus,
          nicolae_diamond_shop, nicolae_shoals_c_island
Shoals:3: nicolae_shoals_island_circles, layout_shoals, uniq_ilsuiw
Shoals:4: shoals_end_hellmonk_lost_city
Spider:1: layout_chambers, nicolae_spider_orb_run
Spider:2: layout_spider_delve, portal_ice_cave_entry_pillars_1,
          nicolae_spider_scorpion_nest
Spider:3: layout_spider_delve, ebering_ghost_disaster_area
Spider:4: grunt_spider_rune_parallel, uniq_arachne
Slime:1:  layout_caves
Slime:2:  layout_caves, nicolae_slime_phagocytosis
Slime:3:  layout_caves
Slime:4:  layout_caves
Slime:5
Orc:1:    layout_caves, gammafunk_ghost_stat_death
Orc:2:    pf_orc_diabolical, layout_diamond_mine, serial_shops, shop, shop,
          nicolae_shop_crystal, shop, basic_altar, mines2_david
Elf:1:    nicolae_elf_arrival_aired_out, layout_onion_city,
          hangedman_elven_crosses_minicolossus, serial_sigils_hangedman_clutch
Elf:2:    nicolae_elf_blades_crystal_corner, layout_rooms, serial_shops,
          nicolae_stop_n_shop_1
Elf:3:    elf_hall, layout_onion_city, basic_altar
Vaults:1: v_misc_14, v_misc_23, vaults_room_grunt_arrival_ludios,
          hangedman_vaults_snaps, vaults_room_door_hall, vaults_dpeg_ring,
          ontoclasm_vaults_chip, vaults_room_stairs_pillars, v_misc_27,
          ontoclasm_vaults_twist, layout_vaults_chaotic_city, serial_shops, shop
Vaults:2: portal_desolation_entry_garden, hangedman_vaults_nodes, v_pattern_5,
          hangedman_vaults_corner, vaults_standard_mumra_lines,
          nicolae_vaults_network_quincunx
          [nicolae_vaults_network_quincunx_subvault,
          nicolae_vaults_network_quincunx_subvault,
          nicolae_vaults_network_quincunx_subvault,
          nicolae_vaults_network_quincunx_subvault,
          nicolae_vaults_network_quincunx_subvault], ontoclasm_vaults_fault,
          grunt_vaults_twisty, hangedman_vaults_stretched_pinwheel,
          nicolae_vaults_asterisk, vaults_room_glass_cross,
          ontoclasm_vaults_loading_screen, layout_vaults_omnibox,
          uniq_frederick, uniq_saint_roka
Vaults:3: gammafunk_ghost_grave, v_misc_2, hangedman_vaults_hat,
          minmay_crypt_entry_simple_sparse, v_misc_8,
          nicolae_vaults_network_star, ontoclasm_vaults_chip, v_alt_pattern_3,
          vaults_mumra_hex, layout_vaults_omnicross
Vaults:4: nicolae_vaults_quartermaster, ontoclasm_vaults_misaligned,
          ontoclasm_vaults_ring_small, v_misc_26, ontoclasm_vaults_hangar,
          nicolae_vaults_windows_and_doors_thing, v_misc_8,
          vaults_dpeg_diagonal, vaults_mumra_hexcomb, nicolae_vaults_asterisk,
          layout_vaults_quadrants, serial_shops, nicolae_shop_hallway_stairs,
          nicolae_shop_stone, nicolae_shop_temple_entry_statues_fountains,
          nicolae_shop_trees, shop
Vaults:5: serial_shops
Crypt:1:  layout_basic
Crypt:2:  layout_chaotic_city
Crypt:3:  due_elkab, layout_chaotic_city, tomb_entry_simple_bobbens, uniq_zenata
Depths:1: layout_honeycomb, nicolae_abyss_entry_one_way_or_another,
          rand_demon_pan_entry_9, pf_hell_entry_tar_river,
          lightli_giant_bouncers, minmay_shoptagon,
          roderic_lattice_octagonal_star
Depths:2: minmay_tri_stars, layout_gridlike, hell_entry, rand_demon_pan_entry_4,
          infiniplex_staircase_door_maze, uniq_asterion, uniq_bai_suzhen
Depths:3: hellmonk_destroyed_diamonds, layout_long_grid,
          pf_vacation_house_of_asmodeus, nrook_uturn, abyss_entry, uniq_vv
Depths:4: evilmike_zot_entry_castle, layout_gridlike, enter_ziggurat_e,
          biasface_ghost_demon_polymorph, hell_entry, rand_demon_pan_entry_1,
          grunt_decor_arrowhead
Zot:1:    layout_cathedral_of_symmetry
Zot:2:    layout_twisted_circle, st_stairs_13, lemuel_baited_zot_trap,
          zot_minivault_6, uniq_tiamat
Zot:3:    layout_misc_corridors, nzn_ghost_randoct
Zot:4:    layout_concentric_octagons, bh_zot_lava_cross
Zot:5:    layout_gridlike, lemuel_baited_zot_trap

Skill      XL: |  1  2  3  4  5  6  7  8  9 10 11 12 13 14 15 16 17 18 19 20 21 22 23 24 25 26 27 |
---------------+----------------------------------------------------------------------------------+-----
Summonings     | 5 6 7 8 9 10 11 12 14 15 16 17 18 19 20 21 22 23 24 25 26 27 | 27.0
Dodging        | 3 4 5 6 7 8 |  8.0
Spellcasting   | 3 4 5 6 7 8 10 11 12 13 15 18 | 18.2
Hexes          | 1 2 3 4 5 6 7 |  7.1
Air Magic      | 2 4 6 8 9 |  9.4
Armour         | 3 6 7 9 10 | 10.3
Invocations    | 1 4 6 7 8 10 11 12 13 | 13.0
Fighting       | 3 5 7 9 11 12 13 15 16 17 18 20 22 | 22.8
Long Blades    | 3 6 8 9 10 12 14 16 17 18 | 18.1
Shields        | 4 6 8 9 10 11 12 13 15 | 15.0
Translocations | 1 4 6 7 9 12 | 12.0
Stealth        | 4 11 14 16 | 16.0

Action                   |  1- 3 |  4- 6 |  7- 9 | 10-12 | 13-15 | 16-18 | 19-21 | 22-24 | 25-27 || total
-------------------------+-------+-------+-------+-------+-------+-------+-------+-------+-------++-------
Melee: Short sword       |    44 |       |       |       |       |       |       |       |       ||    44
       Kick              |    14 |    10 |    43 |    58 |   148 |   247 |   317 |   583 |   550 ||  1970
       Peck              |    11 |     4 |    21 |    31 |    93 |   160 |   189 |   381 |   349 ||  1239
       Whip              |    14 |    48 |    63 |       |       |       |       |       |       ||   125
       Punch             |     2 |       |       |       |       |       |       |       |       ||     2
       Flail             |       |       |    48 |     2 |       |       |       |       |       ||    50
       Mace              |       |       |       |    42 |       |       |       |       |       ||    42
       Katana            |       |       |       |   103 |   439 |   660 |   735 |  1231 |  1026 ||  4194
       Headbutt          |       |       |       |       |       |       |       |       |    36 ||    36
Throw: Dart              |       |     2 |       |       |       |       |       |       |       ||     2
 Cast: Summon Small Mamm |     3 |       |       |       |       |       |       |       |       ||     3
       Call Imp          |     7 |       |       |       |       |       |       |       |       ||     7
       Call Canine Famil |     2 |     4 |    16 |    29 |    57 |    48 |       |       |       ||   156
       Summon Lightning  |       |       |    18 |    56 |   115 |   146 |    65 |    13 |     2 ||   415
       Summon Guardian G |       |       |     4 |    15 |    29 |    14 |     9 |       |       ||    71
       Summon Forest     |       |       |       |       |     5 |    28 |    19 |    15 |     5 ||    72
       Summon Hydra      |       |       |       |       |       |    22 |    87 |    66 |    55 ||   230
       Airstrike         |       |       |       |       |       |     7 |    19 |       |       ||    26
       Summon Mana Viper |       |       |       |       |       |       |    79 |     6 |     4 ||    89
       Summon Horrible T |       |       |       |       |       |       |     7 |    61 |    89 ||   157
       Passage of Golubr |       |       |       |       |       |       |     1 |       |     1 ||     2
       Dragon's Call     |       |       |       |       |       |       |       |       |     6 ||     6
       Animate Armour    |       |       |       |       |       |       |       |       |    56 ||    56
       Malign Gateway    |       |       |       |       |       |       |       |       |    18 ||    18
Invok: Slouch            |       |       |       |     2 |     1 |     2 |     5 |     2 |       ||    12
       Step From Time    |       |       |       |       |       |     3 |     2 |     4 |     7 ||    16
       Bend Time         |       |       |       |       |       |       |     1 |       |     2 ||     3
Evoke: Wand              |       |       |     1 |     2 |    24 |    35 |    12 |     2 |     2 ||    78
       Phantom mirror    |       |       |     1 |       |       |     2 |       |       |     1 ||     4
       Box of beasts     |       |       |       |       |       |     2 |     2 |     1 |       ||     5
       Lightning rod     |       |       |       |       |       |     2 |       |       |       ||     2
  Use: Scroll            |     3 |     1 |     5 |    15 |    10 |    16 |    11 |     9 |    20 ||    90
       Potion            |       |       |       |     8 |     1 |     6 |     1 |     6 |    34 ||    56
 Stab: Sleeping          |     6 |     2 |     2 |       |     3 |     2 |     1 |    19 |    10 ||    45
       Distracted        |       |     1 |     3 |     6 |    21 |    35 |    25 |    39 |    58 ||   188
       Invisible         |       |       |       |       |     2 |       |       |       |       ||     2
       Paralysed         |       |       |       |       |       |     4 |       |       |       ||     4
Armor: Robe              |    10 |     6 |       |       |       |       |       |       |       ||    16
       Leather armour    |       |     1 |    21 |       |       |       |       |       |       ||    22
       Steam dragon scal |       |       |       |     2 |       |       |       |       |       ||     2
       Scale mail        |       |       |       |    28 |       |       |       |       |       ||    28
       Acid dragon scale |       |       |       |     7 |    61 |    17 |       |       |       ||    85
       Pearl dragon scal |       |       |       |       |       |   123 |   109 |   174 |   234 ||   640
Dodge: Dodged            |    30 |    39 |   115 |   250 |   272 |   542 |   503 |   589 |   707 ||  3047
       Repelled          |       |       |       |       |       |     5 |    20 |     8 |    15 ||    48
Block: Kite shield       |       |       |       |    24 |   335 |   709 |   596 |   884 |   344 ||  2892
       Buckler           |       |       |       |       |       |       |       |       |   194 ||   194

Table legend: (Time is in decaauts)
 A = Elapsed time spent in this place.
 B = Non-inter-level travel time spent in this place.
 C = Inter-level travel time spent in this place.
 D = Time resting spent in this place.
 E = Time spent auto-exploring this place.
 F = Levels seen in this place.
 G = Mean time per level.
                   A        B        C        D        E       F      G
               +--------+--------+--------+--------+--------+-----+--------+
         Total | 123286 | 107153 |  16133 |  23202 |  45444 |  59 | 2089.6 |
       Dungeon |  28736 |  21338 |   7398 |   2749 |  13583 |  15 | 1915.7 |
        Temple |     39 |     24 |     15 |      0 |     10 |   1 |   39.0 |
          Lair |  12402 |  10276 |   2126 |   1324 |   5554 |   5 | 2480.4 |
        Shoals |   5781 |   5347 |    434 |   1418 |     53 |   4 | 1445.2 |
   Spider Nest |  10365 |   9327 |   1038 |   2979 |   3400 |   4 | 2591.2 |
    Slime Pits |   1289 |   1266 |     23 |    207 |      0 |   5 |  257.8 |
  Orcish Mines |   4484 |   3172 |   1312 |    354 |   1482 |   2 | 2242.0 |
   Elven Halls |   9467 |   8963 |    504 |   1912 |   4577 |   3 | 3155.7 |
        Vaults |  17198 |  16282 |    916 |   4123 |   6773 |   5 | 3439.6 |
         Crypt |   6324 |   5799 |    525 |   1010 |   1859 |   3 | 2108.0 |
        Depths |  12549 |  11175 |   1374 |   3288 |   3934 |   4 | 3137.2 |
           Zot |  12295 |  11833 |    462 |   3645 |   3476 |   5 | 2459.0 |
         Sewer |    339 |    339 |      0 |      0 |    128 |   1 |  339.0 |
        Bailey |    535 |    535 |      0 |     97 |      0 |   1 |  535.0 |
    Desolation |   1478 |   1478 |      0 |     92 |    610 |   1 | 1478.0 |
               +--------+--------+--------+--------+--------+-----+--------+

Top non-repeatable levels by time:
   Elf:3: 4584 daAuts
Vaults:4: 4537 daAuts
Depths:4: 4366 daAuts
Spider:1: 3879 daAuts
Vaults:1: 3654 daAuts
   Orc:2: 3363 daAuts
 Crypt:3: 3230 daAuts
   Zot:5: 3187 daAuts
Vaults:5: 3127 daAuts
Depths:2: 3047 daAuts
Depths:1: 3037 daAuts
Vaults:3: 3002 daAuts
Vaults:2: 2877 daAuts
     D:6: 2859 daAuts
  Lair:5: 2836 daAuts
